 Dungeon Crawl Stone Soup version 0.21-a0-471-gd587bd5 (webtiles) character file.

159 kae the Digger (level 5, -3/29 HPs)
             Began as a Gargoyle Earth Elementalist on Nov 21, 2017.
             Killed from afar by an orc wizard (9 damage)
             ... with a magic dart
             ... on level 3 of the Dungeon.
             The game lasted 00:02:28 (2934 turns).

kae the Digger (Gargoyle Earth Elementalist)        Turns: 2934, Time: 00:02:28

Health: -3/29      AC:  6    Str:  9 (11) XL:     5   Next: 40%
Magic:  9/10       EV: 12    Int: 15 (17) God:
Gold:   115        SH:  0    Dex:  9 (10) Spells: 6/10 levels left

rFire    . . .     SeeInvis .   n - +0 whip (venom)
rCold    . . .     Gourm    .   (no shield)
rNeg     + . .     Faith    .   c - +0 robe
rPois    ∞         Spirit   .   (no helmet)
rElec    +         Reflect  .   (no cloak)
rCorr    .         Harm     .   (no gloves)
MR       .....                  (no boots)
Stlth    ++........             (no amulet)
HPRegen  0.09/turn              g - ring of wizardry
MPRegen  0.12/turn              (no ring)

@: no status effects
A: negative energy resistance 1, electricity resistance, unbreathing,
petrification resistance, rot immunity, AC +4
a: no special abilities


You were on level 3 of the Dungeon.
You were not hungry.

You visited 1 branch of the dungeon, and saw 3 of its levels.

You collected 115 gold pieces.

Inventory:

Hand Weapons
 a - a +0 dagger
 h - a +0 hand axe
 n - a +0 whip of venom (weapon)
Missiles
 b - 34 stones (quivered)
Armour
 c - a +0 robe (worn)
Jewellery
 g - a ring of wizardry (left hand)
 q - a +5 ring of dexterity {unknown}
Scrolls
 j - a scroll of immolation {unknown}
 m - a scroll of remove curse
 p - a scroll of enchant armour {unknown}
Potions
 i - a potion of haste {unknown}
 l - a potion of agility {unknown}
 o - 2 potions of curing {unknown}
Books
 e - a book of Geomancy

   Spells                             Type                      Level
   a - Sandblast                      Earth                        1
   b - Passwall                       Transmutation/Earth          2
   c - Stone Arrow                    Conjuration/Earth            3
   d - Petrify                        Transmutation/Earth          4
   e - Lee's Rapid Deconstruction     Earth                        5
Comestibles
 d - a bread ration


   Skills:
 + Level 1.0 Fighting
 + Level 2.0 Dodging
 - Level 2.1 Stealth
 * Level 3.3 Spellcasting
 * Level 1.8 Conjurations
   Level 0.7 Transmutations
 * Level 5.0 Earth Magic


You had 6 spell levels left.
You knew the following spells:

 Your Spells              Type           Power        Failure   Level  Hunger
a - Sandblast             Erth           ###...       1%          1    None
b - Stone Arrow           Conj/Erth      ##....       6%          3    ###....


Dungeon Overview and Level Annotations

Branches:
Dungeon (3/15)

Altars:
Nemelex Xobeh


Innate Abilities, Weirdness & Mutations

You are resistant to torment.
Your stone body is resilient. (AC +4)
You are immune to poison.
You resist negative energy. (rN+)
You are resistant to electric shocks. (rElec)
You can survive without breathing.
You are immune to petrification.
You are immune to rotting.


Message History

You are too injured to fight recklessly!
You are too injured to fight recklessly!
You are too injured to fight recklessly!
You barely miss the orc wizard.
The orc wizard gestures at you while chanting.
The puff of frost hits you! The orc wizard hits you with a dagger.
* * * LOW HITPOINT WARNING * * *
You barely miss the orc wizard.
The orc wizard mumbles some strange words.
The orc wizard flickers and vanishes!
Deactivating autopickup; reactivate with Ctrl-A.
The orc wizard hits you but does no damage.
It was a potion of degeneration.
There was something very wrong with that liquid.
You feel weakened.
You feel dopey.
You feel clumsy. The orc wizard hits you with a dagger.
* * * LOW HITPOINT WARNING * * *
The orc wizard points at you and mumbles some strange words.
The magic dart hits you!
You die...

.. # ### #.# . ...... ..
#.#.. .. ##.#.# #..
o{o...# #.. #o#.#.# #..
#@#.#.# ###..
######.#.#.# ....
........?.#.##########..
#######.................
###.#.............
#...............
###"###########. #.# ..
### ...


You could see 2 orc wizards and an orc.

Vanquished Creatures
  Jessica (D:2)
  Terence (D:2)
  5 adders (D:2)
  A dart slug (D:2)
  2 leopard geckos (D:1)
  2 orcs (D:3)
  A ball python (D:1)
  7 bats
  4 giant cockroaches
  5 hobgoblins
  4 jackals (D:1)
  5 kobolds
  3 quokkas
  3 frilled lizards
  7 goblins
  9 rats
60 creatures vanquished.

Notes
Turn   | Place    | Note
-------+----------+-------------------------------------------
     0 | D:1      | kae the Gargoyle Earth Elementalist began the quest for the Orb.
     0 | D:1      | Reached XP level 1. HP: 10/10 MP: 3/3
   474 | D:1      | Reached XP level 2. HP: 8/15 MP: 3/5
   636 | D:1      | Reached skill level 4 in Earth Magic
   958 | D:1      | Found a sparkling altar of Nemelex Xobeh.
  1123 | D:1      | Reached XP level 3. HP: 11/19 MP: 3/6
  1259 | D:1      | Learned a level 3 spell: Stone Arrow
  1906 | D:2      | Reached XP level 4. HP: 18/24 MP: 8/8
  2085 | D:2      | Found a faded altar of an unknown god.
  2085 | D:2      | Noticed Jessica
  2100 | D:2      | Killed Jessica
  2100 | D:2      | Reached skill level 1 in Conjurations
  2242 | D:2      | Reached XP level 5. HP: 18/28 MP: 7/9
  2399 | D:2      | Noticed Terence
  2539 | D:2      | Killed Terence
  2539 | D:2      | Reached skill level 1 in Fighting
  2539 | D:2      | Reached skill level 5 in Earth Magic
  2934 | D:3      | Killed from afar by an orc wizard

Vault maps used:
D:1:      dpeg_arrival_three_smaller_balls, hangedman_decor_push,
          nemelex_xobeh_ov_fountains_minmay
D:2:      chequers_ecumenical_altar_simple_redux, uniq_terence, uniq_jessica
D:3:      minmay_goblin_kobold_castle, bloody_trog

Skill      XL: |  1  2  3  4  5 |
---------------+----------------+-----
Earth Magic    | 4 5 |  5.0
Spellcasting   | 3 |  3.3
Conjurations   | 1 |  1.8
Fighting       | 1 |  1.0
Dodging        | 2 |  2.0
Stealth        | |  2.1
Transmutations | |  0.7

Action                   |  1- 3 |  4- 6 || total
-------------------------+-------+-------++-------
Melee: Hand axe          |   134 |       ||   134
       Unarmed           |     8 |       ||     8
       Dagger            |     7 |       ||     7
       Whip              |       |    87 ||    87
 Cast: Sandblast         |    21 |     4 ||    25
       Stone Arrow       |       |     3 ||     3
  Use: Scroll            |       |     1 ||     1
       Potion            |       |     1 ||     1
 Stab: Sleeping          |     2 |     6 ||     8
  Eat: Chunk             |     4 |     3 ||     7
Armor: Robe              |    69 |    24 ||    93
Dodge: Dodged            |   165 |    62 ||   227

Table legend:
 A = Spawn XP
 B = Non-spawn XP
 C = Spawn XP percentage of total XP
 D = Spawn monster count
 E = Non-spawn monster count
 F = Spawn count percentage of total count
 G = Total turns spent on level
                    A         B        C        D         E        F      G
               +---------+---------+-------+---------+---------+-------+---------
         Total |       0 |     228 |   0.0 |       0 |      60 |   0.0 |  2934
               +---------+---------+-------+---------+---------+-------+---------
           D:1 |       0 |      48 |   0.0 |       0 |      28 |   0.0 |  1740
           D:2 |       0 |     170 |   0.0 |       0 |      27 |   0.0 |  1126
           D:3 |       0 |      10 |   0.0 |       0 |       5 |   0.0 |    68
               +---------+---------+-------+---------+---------+-------+---------
